 Dungeon Crawl Stone Soup version 0.31-a0-217-g58bb5d79cf (webtiles) character file.

Game seed: 3465132888951230410

6896 qw the Cleaver (level 11, -7/67 HPs)
             Began as a Gargoyle Fighter on July 2, 2023.
             Was a Follower of Okawaru.
             Killed by divine providence
             ... invoked by a smoke demon
             ... summoned by a kobold demonologist
              (16 damage)
             ... on level 8 of the Dungeon.
             The game lasted 00:03:40 (6389 turns).

qw the Cleaver (Gargoyle Fighter)                   Turns: 6389, Time: 00:03:40

Health: -7/67      AC: 27    Str: 24    XL:     11   Next: 6%
Magic:  12/14      EV: 10    Int:  9    God:    Okawaru [*.....]
Gold:   276        SH:  6    Dex:  9    Spells: 10/10 levels left

rFire   . . .        Y - +0 broad axe
rCold   . . .        c - +0 buckler
rNeg    + . .        k - +0 shadow dragon scales
rPois   inf          e - +0 helmet
rElec   +            (no cloak)
rCorr   .            (no gloves)
SInv    .            q - +0 pair of boots
Will    .....        (no amulet)
Stlth   ++++         (no ring)
HPRegen 0.31/turn    (no ring)
MPRegen 0.14/turn

%: no passive effects
@: heroic
A: sickness immunity, AC +8, negative energy resistance 1, electricity
resistance, torment resistance 1, petrification resistance
a: Renounce Religion, Heroism


You were on level 8 of the Dungeon.
You worshipped Okawaru.
Okawaru was aware of your devotion.
You visited 2 branches of the dungeon, and saw 9 of its levels.

You collected 331 gold pieces.
You spent 55 gold pieces at shops.


Innate Abilities, Weirdness & Mutations

You are immune to sickness and miasma.
Your stone body is resilient. (AC +8)
You are immune to poison.
You resist negative energy. (rN+)
You are resistant to electric shocks. (rElec)
You are resistant to unholy torment.
You are immune to petrification.


   Skills:
 - Level 7.0(12.0) Fighting
 - Level 13.3(18.3) Axes
 - Level 2.0(7.0) Throwing
 + Level 6.4(11.4) Armour
 - Level 1.0(6.0) Dodging
 - Level 5.0(10.0) Shields
 - Level 4.0 Invocations


You had 10 spell levels left.
You didn't know any spells.
Your spell library was empty.

Inventory:

Hand Weapons
 s - a +2 flail of holy wrath
 Y - a +0 broad axe (weapon)
Missiles
 g - 3 javelins (quivered)
 l - 2 silver boomerangs
 r - 6 boomerangs
Armour
 c - a +0 buckler (worn)
 e - a +0 helmet (worn)
 k - +0 shadow dragon scales (worn)
 q - a +0 pair of boots (worn)
 u - +0 acid dragon scales
Scrolls
 i - a scroll of identify
Potions
 a - 7 potions of curing
 d - 2 potions of might
 f - a potion of lignification
 h - 2 potions of heal wounds
 j - a potion of enlightenment
 m - a potion of mutation
 n - a potion of magic
 p - a potion of resistance
 t - a potion of haste {unknown}

Dungeon Overview and Level Annotations

Branches:
Dungeon (8/15)             Temple (1/1) D:4
   Lair: D:8-11

Altars:
Ashenzari
Cheibriados
Dithmenos
Fedhas
Hepliaklqana
Kikubaaqudgha
Makhleb
Nemelex Xobeh
Okawaru
Qazlal
Ru
Sif Muna
Trog
Vehumet
Xom
Yredelemnul
Zin
The Shining One

Shops:
D:1 [   D:3 =[:*?

Annotations:
D:3 2 transporters
D:4 4 transporters, qw's ghost, amateur GrFi


Message History

You miss the kobold brigand. You barely miss the wight.
The kobold brigand hits you but does no damage.
The kobold brigand closely misses you. The ynoxinul gestures at you.
The entropic shot hits you!!
The kobold brigand hits you but does no damage.
The kobold demonologist gestures wildly while chanting.
You block the wight's attack.
6387 ||| INVOKING Heroism.
You gain the combat prowess of a mighty hero.
The kobold brigand hits you but does no damage.
The ynoxinul hits you but does no damage.
The kobold brigand hits you with a +0 club.
The kobold demonologist casts a spell.
The wight hits you but does no damage. The wight misses you.
You slice the kobold brigand!!
You kill the kobold brigand!
Okawaru accepts your kill.
You slash the kobold brigand! You completely miss the ynoxinul.
You slice the kobold demonologist!! You hit the wight.
You hit the wight but do no damage. You block the ynoxinul's attack.
The kobold brigand hits you with a +0 short sword.
You block the wight's attack. The wight barely misses you.
You miss the kobold brigand.
The kobold brigand is severely wounded.
You hit the wight. You hit the ynoxinul. You hit the kobold demonologist.
You hit the wight.
You destroy the wight!
Okawaru accepts your kill. The orange demon stings you from afar.
The kobold brigand completely misses you.
The kobold demonologist looks braver for a moment.
The kobold brigand throws a poisoned dart.
The poisoned dart hits you! You block the wight's attack.
The ynoxinul gestures at you. The entropic shot hits you!
The smoke demon gestures at you. Something smites you!
You die...

##....##
#..##?..)..##
#..#........##
#............##
#........3....#
#.....4.4K5...##
#......)zKK....#
#......K@33....#
.......<)K4....#
.........K.....#
......>........#
...............#
........(......#
...............#
..#...........##
..##........###


You could see an orange demon (summoned), a rust devil (summoned), 3 kobold
demonologists, 2 smoke demons, a ynoxinul (summoned), a red devil (summoned), 2
kobold brigands, an iron imp (summoned), a wight and a kobold.

Vanquished Creatures
  Maggie (D:6)
  Sigmund (D:5)
  Eustachio (D:5)
  Menkaure (D:5)
  Edmund (D:6)
  Duvessa (D:6)
  A water moccasin (D:6)
  An orc warrior (D:6)
  2 black bears
  3 ogres
  An elf zombie (D:5)
  3 kobold brigands
  A bullfrog (D:7)
  7 scorpions
  Blork the orc (D:5)
  A jelly (D:6)
  Dowan (D:6)
  7 wights
  An orc priest (D:5)
  7 hounds
  3 human skeletons (D:5)
  5 iguanas
  Natasha (thrice) (D:3)
  An orc wizard (D:6)
  Robin (D:3)
  7 adders
  2 white imps (D:6)
  2 ufetubi
  2 worms (D:2)
  4 dart slugs
  26 orcs
  3 bats (D:1)
  6 endoplasms
  5 giant cockroaches
  9 hobgoblins
  3 quokkas
  5 ball pythons
  3 frilled lizards
  14 goblins
  15 kobolds
  An orc skeleton (D:5)
  An orc zombie (D:5)
  9 rats
173 creatures vanquished.

Notes
Turn   | Place    | Note
-------+----------+-------------------------------------------
     0 | D:1      | qw the Gargoyle Fighter began the quest for the Orb.
     0 | D:1      | Reached XP level 1. HP: 14/14 MP: 1/1
     0 | D:1      | 0 ||| qw: Version: 0.3-a-40-ge99b1a8
     0 | D:1      | 0 ||| qw: Game counter: 196
     0 | D:1      | 0 ||| qw: Melee chars always use a shield: true
     0 | D:1      | 0 ||| qw: God list: Okawaru
     0 | D:1      | 0 ||| qw: Allow faded altars: false
     0 | D:1      | 0 ||| qw: Do Orc after clearing Dungeon:15 true
     0 | D:1      | 0 ||| qw: Do second Lair branch before Depths: true
     0 | D:1      | 0 ||| qw: Lair rune preference: random
     0 | D:1      | 0 ||| qw: Goals: Normal, Zot:1-4, Slime:5, God:TSO, Crypt,
                  | Tomb, Abyss, Pan, Hells, Win
     0 | D:1      | 0 ||| PLANNING D:1-11
    25 | D:1      | Reached skill level 2 in Axes
    27 | D:1      | 27 ||| FLEEEEING.
    43 | D:1      | Reached XP level 2. HP: 19/19 MP: 2/2
    49 | D:1      | Noticed an animated plate armour
    51 | D:1      | Found Qirhicihir's Armour Boutique.
    63 | D:1      | Noticed an animated shadow dragon scales
    72 | D:1      | 72 ||| SHOPLISTING +1 leather armour of fire resistance
                  | (196 gold, have 0).
    72 | D:1      | 72 ||| SHOPLISTING +2 kite shield (231 gold, have 0).
    72 | D:1      | 72 ||| SHOPLISTING +2 pearl dragon scales (1517 gold, have
                  | 0).
   104 | D:1      | 104 ||| Stepping ~*~*~tactically~*~*~ (stealth).
   162 | D:1      | 162 ||| Stepping ~*~*~tactically~*~*~ (stealth).
   163 | D:1      | 163 ||| Stepping ~*~*~tactically~*~*~ (stealth).
   165 | D:1      | 165 ||| Stepping ~*~*~tactically~*~*~ (stealth).
   176 | D:1      | 176 ||| Stepping ~*~*~tactically~*~*~ (stealth).
   178 | D:1      | 178 ||| Stepping ~*~*~tactically~*~*~ (hiding).
   179 | D:1      | 179 ||| Stepping ~*~*~tactically~*~*~ (stealth).
   334 | D:1      | 334 ||| Stepping ~*~*~tactically~*~*~ (stealth).
   343 | D:1      | Reached skill level 3 in Axes
   368 | D:1      | Reached XP level 3. HP: 21/23 MP: 3/3
   560 | D:1      | 560 ||| READING 2 scrolls labelled QIRCHU CUSIP.
   561 | D:1      | 561 ||| READING 4 scrolls labelled FORIBAKHLYLIL.
   562 | D:1      | 562 ||| READING scroll labelled KAMADE IPIAC.
   563 | D:1      | 563 ||| READING scroll labelled KIFE UN YSIEQ.
   567 | D:1      | 567 ||| DRINKING 2 red potions.
   568 | D:1      | 568 ||| READING 3 scrolls of identify.
   568 | D:1      | 568 ||| IDENTIFYING emerald potion
   569 | D:1      | 569 ||| READING 2 scrolls of identify.
   569 | D:1      | 569 ||| IDENTIFYING dark potion
   570 | D:1      | 570 ||| DROPPING scroll of fear.
   571 | D:1      | 571 ||| DROPPING potion of ambrosia.
   572 | D:1      | 572 ||| DROPPING potion of degeneration.
   674 | D:2      | 674 ||| DROPPING +3 whip.
   746 | D:2      | Reached XP level 4. HP: 24/28 MP: 4/4
   748 | D:2      | Reached skill level 4 in Axes
  1107 | D:2      | 1107 ||| READING scroll labelled ANGIAQ HULEE.
  1108 | D:2      | 1108 ||| DRINKING 2 white potions.
  1109 | D:2      | 1109 ||| DRINKING 2 smoky grey potions.
  1110 | D:2      | 1110 ||| READING 2 scrolls of identify.
  1110 | D:2      | 1110 ||| IDENTIFYING fuming clear potion
  1111 | D:2      | 1111 ||| DROPPING potion of berserk rage.
  1137 | D:3      | Noticed Natasha
  1144 | D:3      | Killed Natasha
  1147 | D:3      | Noticed Robin
  1152 | D:3      | Noticed Natasha
  1154 | D:3      | Reached XP level 5. HP: 24/32 MP: 5/5
  1154 | D:3      | Killed Robin
  1163 | D:3      | Killed Natasha
  1164 | D:3      | Reached skill level 5 in Axes
  1233 | D:3      | Found Wytewuis's General Store.
  1237 | D:3      | Found Acvyb's Magic Scroll Shoppe.
  1242 | D:3      | 1242 ||| BUYING scroll of identify (22 gold).
  1242 | D:3      | Bought a scroll of identify for 22 gold pieces
  1242 | D:3      | 1242 ||| BUYING scroll of teleportation (33 gold).
  1242 | D:3      | Bought a scroll of teleportation for 33 gold pieces
  1249 | D:3      | 1249 ||| SHOPLISTING scroll of brand weapon (123 gold, have
                  | 20).
  1249 | D:3      | 1249 ||| SHOPLISTING scroll of identify (26 gold, have 20).
  1249 | D:3      | 1249 ||| SHOPLISTING scroll of teleportation (39 gold, have
                  | 20).
  1252 | D:3      | Found a burning altar of Makhleb.
  1253 | D:3      | Found a bloodstained altar of Trog.
  1291 | D:3      | 1291 ||| Stepping ~*~*~tactically~*~*~ (stealth).
  1311 | D:3      | Reached XP level 6. HP: 33/39 MP: 6/6
  1335 | D:3      | 1335 ||| DROPPING +0 mace.
  1378 | D:3      | 1378 ||| Stepping ~*~*~tactically~*~*~ (hiding).
  1379 | D:3      | 1379 ||| Stepping ~*~*~tactically~*~*~ (hiding).
  1455 | D:3      | Noticed Natasha
  1463 | D:3      | Killed Natasha
  1464 | D:3      | Reached skill level 1 in Dodging
  1627 | D:3      | Found Ysuotauj's Jewellery Shoppe.
  1631 | D:3      | 1631 ||| SHOPLISTING +4 ring of protection (504 gold, have
                  | 31).
  1631 | D:3      | 1631 ||| SHOPLISTING ring of positive energy (280 gold,
                  | have 31).
  1631 | D:3      | 1631 ||| SHOPLISTING ring of protection from cold (350
                  | gold, have 31).
  1635 | D:3      | Found a transporter.
  1638 | D:3      | Found Seven's Book Shoppe.
  1700 | D:3      | Found a transporter.
  1729 | D:3      | Found Quironeol's Armour Emporium.
  1734 | D:3      | 1734 ||| SHOPLISTING +0 mask of the Dragon {Will+ Slay+3
                  | SInv} (434 gold, have 31).
  1734 | D:3      | 1734 ||| SHOPLISTING +0 plate armour (299 gold, have 31).
  1734 | D:3      | 1734 ||| SHOPLISTING +1 pair of boots (149 gold, have 31).
  1734 | D:3      | 1734 ||| SHOPLISTING +1 pair of boots of Quaff {*Corrode
                  | rElec Int-5 Dex+7} (287 gold, have 31).
  1734 | D:3      | 1734 ||| SHOPLISTING +2 robe of resistance (490 gold, have
                  | 31).
  1777 | D:3      | 1777 ||| Stepping ~*~*~tactically~*~*~ (hiding).
  1914 | D:3      | 1914 ||| UPGRADING to +0 helmet.
  1919 | D:3      | 1919 ||| READING 5 scrolls of identify.
  1919 | D:3      | 1919 ||| IDENTIFYING fizzy brown potion
  1920 | D:3      | 1920 ||| READING 4 scrolls of identify.
  1920 | D:3      | 1920 ||| IDENTIFYING ruby potion
  1921 | D:3      | 1921 ||| READING 3 scrolls of identify.
  1921 | D:3      | 1921 ||| IDENTIFYING bubbling grey potion
  1933 | D:4      | 1933 ||| STAIRDANCE
  1945 | D:3      | Reached skill level 1 in Throwing
  2003 | D:4      | Found a transporter.
  2091 | D:4      | Noticed qw's ghost (amateur GrFi)
  2179 | D:4      | Found a staircase to the Ecumenical Temple.
  2180 | D:4      | 2180 ||| PLANNING TEMPLE
  2180 | D:4      | 2180 ||| UPGRADING to +0 pair of boots.
  2185 | D:4      | 2185 ||| READING 2 scrolls of identify.
  2185 | D:4      | 2185 ||| IDENTIFYING fuming yellow potion
  2190 | Temple   | Entered the Ecumenical Temple
  2191 | Temple   | 2191 ||| PLANNING OKAWARU WORSHIP
  2386 | Temple   | Became a worshipper of Warmaster Okawaru
  2387 | Temple   | 2387 ||| PLANNING D:1-11
  2472 | D:4      | Reached skill level 6 in Axes
  2472 | D:4      | Reached XP level 7. HP: 22/44 MP: 7/7
  2576 | D:4      | Found a transporter.
  2630 | D:4      | 2630 ||| Stepping ~*~*~tactically~*~*~ (stealth).
  2633 | D:4      | 2633 ||| Stepping ~*~*~tactically~*~*~ (hiding).
  2634 | D:4      | 2634 ||| Stepping ~*~*~tactically~*~*~ (hiding).
  2654 | D:4      | 2654 ||| FLEEEEING.
  2655 | D:4      | 2655 ||| FLEEEEING.
  2753 | D:4      | Found a transporter.
  2772 | D:4      | Found a transporter.
  2830 | D:5      | Entered Level 5 of the Dungeon
  2831 | D:5      | 2831 ||| PLANNING OSSUARY
  2833 | D:5      | Noticed Menkaure
  2834 | D:5      | 2834 ||| Stepping ~*~*~tactically~*~*~ (hiding).
  2844 | D:5      | Killed Menkaure
  2845 | D:5      | Reached skill level 7 in Axes
  2909 | D:5      | Reached * piety under Okawaru
  2966 | D:5      | 2966 ||| INVOKING Heroism.
  3107 | D:5      | Reached XP level 8. HP: 49/49 MP: 8/8
  3289 | D:5      | 3289 ||| Stepping ~*~*~tactically~*~*~ (stealth).
  3292 | D:5      | 3292 ||| Stepping ~*~*~tactically~*~*~ (hiding).
  3317 | D:5      | 3317 ||| INVOKING Heroism.
  3336 | D:5      | Found a sparkling altar of Nemelex Xobeh.
  3543 | D:5      | 3543 ||| RIP OSSUARY
  3550 | D:5      | 3550 ||| PLANNING D:1-11
  3662 | D:5      | 3662 ||| Stepping ~*~*~tactically~*~*~ (stealth).
  3668 | D:5      | Noticed Blork the orc
  3673 | D:5      | Noticed Eustachio
  3674 | D:5      | 3674 ||| READING scroll of teleportation.
  4056 | D:5      | Noticed Sigmund
  4061 | D:5      | Reached skill level 8 in Axes
  4061 | D:5      | 4061 ||| INVOKING Heroism.
  4068 | D:5      | Killed Sigmund
  4069 | D:5      | Reached skill level 6 in Fighting
  4072 | D:5      | 4072 ||| INVOKING Heroism.
  4100 | D:5      | Killed Blork the orc
  4175 | D:5      | 4175 ||| FLEEEEING.
  4176 | D:5      | 4176 ||| FLEEEEING.
  4177 | D:5      | 4177 ||| FLEEEEING.
  4186 | D:5      | Killed Eustachio
  4354 | D:5      | Reached skill level 1 in Invocations
  4426 | D:5      | Reached XP level 9. HP: 55/55 MP: 10/10
  4486 | D:5      | 4486 ||| UPGRADING to +0 shadow dragon scales.
  4496 | D:5      | 4496 ||| DROPPING +0 scale mail.
  4497 | D:5      | 4497 ||| DROPPING +2 leather armour of fire resistance.
  4498 | D:5      | 4498 ||| READING scroll labelled IGUMIM OLIUMUUDA.
  4609 | D:6      | 4609 ||| Stepping ~*~*~tactically~*~*~ (stealth).
  4611 | D:6      | 4611 ||| Stepping ~*~*~tactically~*~*~ (stealth).
  4613 | D:6      | 4613 ||| Stepping ~*~*~tactically~*~*~ (stealth).
  4615 | D:6      | 4615 ||| Stepping ~*~*~tactically~*~*~ (stealth).
  4617 | D:6      | 4617 ||| Stepping ~*~*~tactically~*~*~ (stealth).
  4650 | D:6      | 4650 ||| Stepping ~*~*~tactically~*~*~ (stealth).
  4668 | D:6      | Reached skill level 3 in Invocations
  4675 | D:6      | 4675 ||| INVOKING Heroism.
  4797 | D:6      | Noticed Edmund
  4798 | D:6      | 4798 ||| Stepping ~*~*~tactically~*~*~ (stealth).
  4800 | D:6      | 4800 ||| Stepping ~*~*~tactically~*~*~ (stealth).
  4802 | D:6      | 4802 ||| Stepping ~*~*~tactically~*~*~ (stealth).
  4804 | D:6      | 4804 ||| INVOKING Heroism.
  4812 | D:6      | Killed Edmund
  4868 | D:6      | 4868 ||| DROPPING +0 flail.
  4869 | D:6      | Noticed Dowan
  4870 | D:6      | 4870 ||| Stepping ~*~*~tactically~*~*~ (hiding).
  4874 | D:6      | 4874 ||| INVOKING Heroism.
  4882 | D:6      | Killed Dowan
  4928 | D:6      | 4928 ||| Stepping ~*~*~tactically~*~*~ (stealth).
  4940 | D:6      | 4940 ||| Stepping ~*~*~tactically~*~*~ (stealth).
  5023 | D:6      | Reached skill level 9 in Axes
  5126 | D:6      | Noticed Maggie
  5127 | D:6      | 5127 ||| Stepping ~*~*~tactically~*~*~ (stealth).
  5129 | D:6      | 5129 ||| Stepping ~*~*~tactically~*~*~ (stealth).
  5131 | D:6      | 5131 ||| Stepping ~*~*~tactically~*~*~ (hiding).
  5138 | D:6      | 5138 ||| INVOKING Heroism.
  5152 | D:6      | Killed Maggie
  5243 | D:6      | Identified the +3 spear of the Spheres {venom, *Rage Dex+4}
  5244 | D:6      | 5244 ||| SWAPPING to +0 broad axe.
  5245 | D:6      | 5245 ||| DROPPING +0 war axe of freezing.
  5283 | D:6      | Found a glowing silver altar of Zin.
  5292 | D:6      | 5292 ||| Stepping ~*~*~tactically~*~*~ (stealth).
  5294 | D:6      | 5294 ||| Stepping ~*~*~tactically~*~*~ (stealth).
  5296 | D:6      | 5296 ||| Stepping ~*~*~tactically~*~*~ (stealth).
  5298 | D:6      | 5298 ||| Stepping ~*~*~tactically~*~*~ (stealth).
  5329 | D:6      | Found a sacrificial altar of Ru.
  5393 | D:6      | Noticed Duvessa
  5394 | D:6      | 5394 ||| INVOKING Heroism.
  5405 | D:6      | Killed Duvessa
  5617 | D:6      | 5617 ||| Stepping ~*~*~tactically~*~*~ (stealth).
  5619 | D:6      | 5619 ||| INVOKING Heroism.
  5622 | D:6      | Reached skill level 6 in Armour
  5648 | D:6      | 5648 ||| INVOKING Heroism.
  5701 | D:6      | 5701 ||| Stepping ~*~*~tactically~*~*~ (stealth).
  5742 | D:6      | 5742 ||| Stepping ~*~*~tactically~*~*~ (stealth).
  5744 | D:6      | 5744 ||| Stepping ~*~*~tactically~*~*~ (stealth).
  5957 | D:7      | 5957 ||| Stepping ~*~*~tactically~*~*~ (stealth).
  5959 | D:7      | 5959 ||| Stepping ~*~*~tactically~*~*~ (stealth).
  5961 | D:7      | 5961 ||| Stepping ~*~*~tactically~*~*~ (stealth).
  5963 | D:7      | 5963 ||| Stepping ~*~*~tactically~*~*~ (stealth).
  5965 | D:7      | 5965 ||| Stepping ~*~*~tactically~*~*~ (stealth).
  5967 | D:7      | 5967 ||| Stepping ~*~*~tactically~*~*~ (stealth).
  5969 | D:7      | 5969 ||| INVOKING Heroism.
  6005 | D:7      | 6005 ||| Stepping ~*~*~tactically~*~*~ (stealth).
  6007 | D:7      | 6007 ||| Stepping ~*~*~tactically~*~*~ (stealth).
  6151 | D:7      | Reached XP level 10. HP: 58/63 MP: 13/13
  6367 | D:7      | 6367 ||| READING scroll labelled TUXEUM BURPHER.
  6368 | D:7      | 6368 ||| READING 2 scrolls of identify.
  6368 | D:7      | 6368 ||| IDENTIFYING fizzy grey potion
  6369 | D:7      | 6369 ||| DRINKING potion of experience.
  6369 | D:7      | Reached skill level 13 in Axes
  6369 | D:7      | Reached XP level 11. HP: 67/67 MP: 14/14
  6387 | D:8      | 6387 ||| INVOKING Heroism.
  6389 | D:8      | HP: 9/67 [ynoxinul/entropic shot[a kobold demonologist]
                  | (16)]
  6389 | D:8      | Killed from afar by a smoke demon

Levels and vault maps discovered:
D:1:      scummos_arrival_simple_crosswalls, layout_basic, serial_shops,
          nicolae_shop_mannequins
D:2:      layout_basic, serial_bayou_pond_b
D:3:      layout_rooms, grunt_temple_overflow_open, serial_shops, shop,
          nicolae_shop_crystal, nicolae_shop_drivethru, shop,
          nicolae_shop_behind_doors, st_stairs_5, uniq_robin, uniq_natasha
D:4:      gammafunk_steamed_eel, layout_rooms, minmay_temple_entry_glassed_door,
          gammafunk_ghost_mausoleum, minmay_liquid_box, hangedman_decor_lopped,
          lexackson_kobold_supper
D:5:      layout_basic, kennysheep_mini_moat, nicolae_ossuary_entry_catacombs,
          uniq_menkaure, uniq_eustachio, uniq_sigmund, uniq_blork_the_orc
D:6:      layout_loops_corners, mainiacjoe_overflow_two_lobes,
          dk_noncrumbling_4, uniq_edmund, uniq_maggie, uniq_duvessa
D:7:      layout_rooms
D:8:      layout_cave_pods, nicolae_wu_jian_immortal_techniques,
          roderic_lattice_a, uniq_maurice, uniq_pikel
Temple:   nicolae_temple_bog_church

Skill      XL: |  1  2  3  4  5  6  7  8  9 10 |
---------------+-------------------------------+-----
Axes           | 2 3 4 5 6 7 8 9 13 | 13.3
Fighting       | 4 5 6 7 |  7.0
Dodging        | 1 |  1.0
Throwing       | 1 2 |  2.0
Invocations    | 1 4 |  4.0
Armour         | 6 |  6.4
Shields        | 5 |  5.0

Action                     |  1- 3 |  4- 6 |  7- 9 | 10-12 || total
---------------------------+-------+-------+-------+-------++-------
  Melee: War axe           |    84 |   171 |   261 |       ||   516
         Unarmed           |       |       |     3 |       ||     3
         Broad axe         |       |       |    41 |    16 ||    57
  Throw: Javelin           |       |    10 |    55 |       ||    65
         Boomerang         |       |     2 |       |       ||     2
 Invoke: Heroism           |       |       |    12 |     1 ||    13
    Use: Scroll            |     6 |     6 |     2 |     2 ||    16
         Potion            |     1 |     2 |       |     1 ||     4
 Armour: Scale mail        |    42 |   106 |    81 |       ||   229
         Skin              |       |       |    25 |       ||    25
         Shadow dragon sca |       |       |    57 |    20 ||    77
  Dodge: Dodged            |    46 |   108 |   111 |     9 ||   274
  Block: Buckler           |    24 |    34 |    53 |     6 ||   117

Table legend:
 A = Non-vault XP
 B = Vault XP
 C = Vault XP percentage of total XP
 D = Non-vault monster count
 E = Vault monster count
 F = Vault count percentage of total count
                 A         B        C        D         E       F
            +---------+---------+-------+---------+---------+-------
      Total |    3288 |    1902 |  36.6 |     135 |      38 |  22.0
            +---------+---------+-------+---------+---------+-------
        D:1 |      46 |       0 |   0.0 |      26 |       0 |   0.0
        D:2 |      55 |      18 |  24.7 |      15 |       3 |  16.7
        D:3 |     253 |      73 |  22.4 |      24 |      13 |  35.1
        D:4 |     277 |     106 |  27.7 |      16 |       8 |  33.3
        D:5 |     647 |     906 |  58.3 |      16 |      10 |  38.5
        D:6 |    1106 |     799 |  41.9 |      25 |       4 |  13.8
        D:7 |     520 |       0 |   0.0 |       8 |       0 |   0.0
        D:8 |     384 |       0 |   0.0 |       5 |       0 |   0.0
            +---------+---------+-------+---------+---------+-------
